 Dungeon Crawl Stone Soup version 0.31-a0-844-gdc52ec4 (webtiles) character file.

Game seed: 1650002876832764689

15442 BarneyGumball the Thaumaturge (level 12, -7/90 (91) HPs)
             Began as a Gnoll Earth Elementalist on Sept 28, 2023.
             Was a High Priest of Cheibriados.
             Mangled by a frost giant
             ... wielding a +2 battleaxe of freezing
              (32 damage)
             ... in an ice cave.
             The game lasted 00:45:43 (12351 turns).

BarneyGumball the Thaumaturge (GnEE)               Turns: 12351, Time: 00:45:44

HP:   -7/90 (91)    AC: 11    Str: 20    XL:     12   Next: 27%
MP:   11/24         EV: 18    Int: 30    God:    Cheibriados [*****.]
Gold: 191           SH:  0    Dex: 23    Spells: 11/28 levels left

rFire   . . .        b - +2 orcbow (flame)
rCold   + + .        (shield currently unavailable)
rNeg    . . .        A - +0 acid dragon scales
rPois   .            v - +1 helmet
rElec   .            i - scarf {rC+ rF+}
rCorr   +            (no gloves)
SInv    .            q - +0 pair of boots
Will    .....        k - amulet of magic regeneration
Stlth   ++++         I - ring of flight
HPRegen 0.35/turn    z - ring of ice
MPRegen 0.59/turn

%: no passive effects
@: flying, very slightly contaminated, lightly drained, very slow
A: fangs 1, strong nose, distributed training
a: Renounce Religion, Bend Time, Temporal Distortion, Slouch, Step From Time


You were in an ice cave.
You worshipped Cheibriados.
Cheibriados was extremely pleased with you.
You visited 3 branches of the dungeon, and saw 13 of its levels.
You also visited: Ice Cave.

You collected 790 gold pieces.
You spent 599 gold pieces at shops.

Inventory:

Hand Weapons
 a - the +7 war axe "Ufoukleg" {drain, Str+3 Stlth+}
   (You found it on level 11 of the Dungeon)

   Str+3:     It affects your strength (+3).
   Stlth+:    It makes you more stealthy.
 b - a +2 orcbow of flaming (weapon)
 J - a +6 short sword
Missiles
 l - 2 throwing nets
Armour
 c - a +2 buckler
 i - a scarf of resistance (worn)
 q - a +0 pair of boots (worn)
 v - a +1 helmet (worn)
 x - a +2 kite shield
 A - +0 acid dragon scales (worn)
Magical Staves
 H - a staff of fire
Jewellery
 k - an amulet of magic regeneration (around neck)
 t - a ring of see invisible
 y - a ring of protection from fire
 z - a ring of ice (right hand)
 I - a ring of flight (left hand)
Wands
 d - a wand of quicksilver (9)
 j - a wand of flame (33)
 u - a wand of polymorph (12)
 E - a wand of paralysis (1)
Scrolls
 e - a scroll of summoning
 m - a scroll of amnesia
 p - a scroll of vulnerability {unknown}
 r - 4 scrolls of revelation
 s - 7 scrolls of teleportation
 D - a scroll of torment
Potions
 f - 2 potions of might {unknown}
 g - a potion of cancellation {unknown}
 h - a potion of attraction {unknown}
 n - a potion of resistance {unknown}
 o - 8 potions of curing
 w - 2 potions of brilliance
 B - 3 potions of heal wounds
 C - a potion of lignification
 F - a potion of ambrosia {unknown}
 G - a potion of mutation {unknown}


   Skills:
 + Level 7.2 Fighting
 + Level 7.2 Short Blades
 + Level 7.2 Long Blades
 + Level 7.2 Axes
 + Level 7.2 Maces & Flails
 + Level 7.2 Polearms
 + Level 7.2 Staves
 + Level 7.2 Ranged Weapons
 + Level 7.2 Throwing
 + Level 7.2 Armour
 + Level 8.7 Dodging
 + Level 8.4 Stealth
 + Level 7.2 Shields
 + Level 7.2 Unarmed Combat
 + Level 8.9 Spellcasting
 + Level 6.0 Conjurations
 + Level 6.0 Hexes
 + Level 6.0 Summonings
 + Level 6.0 Necromancy
 + Level 6.0 Translocations
 + Level 6.4 Transmutations
 + Level 6.0 Fire Magic
 + Level 6.0 Ice Magic
 + Level 6.0 Air Magic
 + Level 8.2 Earth Magic
 + Level 6.0 Poison Magic
 + Level 8.0 Invocations
 + Level 7.2 Evocations
 + Level 6.6 Shapeshifting


You had 11 spell levels left.
You knew the following spells:

 Your Spells              Type           Power      Damage    Failure   Level
a - Sandblast             Erth           100%       2d20      1%          1
b - Borgnjor's Vile Clut  Necr/Erth      27%        N/A       7%          5
c - Stone Arrow           Conj/Erth      100%       3d13      1%          3
d - Iskenderun's Mystic   Conj/Tloc      49%        2d11      4%          4
e - Passwall              Tmut/Erth      45%        N/A       1%          2
f - Blink                 Tloc           98%        N/A       1%          2

Your spell library contained the following spells:

 Spells                   Type           Power      Damage    Failure   Level
 Apportation              Tloc           98%        N/A       1%          1
 Necrotise                Necr           100%       1d9       1%          1
 Summon Small Mammal      Summ           100%       N/A       1%          1
 Ensorcelled Hibernation  Hex/Ice        100%       N/A       1%          2
 Jinxbite                 Hex            98%        N/A       1%          2
 Lesser Beckoning         Tloc           98%        N/A       1%          2
 Momentum Strike          Conj/Tloc      98%        3d10      1%          2
 Tukima's Dance           Hex            49%        N/A       1%          3
 Brom's Barrelling Bould  Conj/Erth      54%        2d7       2%          4
 Petrify                  Tmut/Erth      55%        N/A       2%          4
 Anguish                  Hex/Necr       24%        N/A       4%          4
 Animate Dead             Necr           49%        N/A       4%          4
 Dimensional Bullseye     Hex/Tloc       24%        N/A       4%          4
 Death Channel            Necr           24%        N/A       52%         6


Dungeon Overview and Level Annotations

Branches:
Dungeon (11/15)            Temple (1/1) D:4            Lair (1/5) D:11
  IceCv (1/1)
    Orc: D:9-12

Altars:
Ashenzari
Cheibriados
Dithmenos
Elyvilon
Fedhas
Gozag
Hepliaklqana
Kikubaaqudgha
Makhleb
Nemelex Xobeh
Okawaru
Qazlal
Ru
Sif Muna
Trog
Uskayaw
Vehumet
Wu Jian
Xom
Yredelemnul
Zin
The Shining One

Shops:
D:2 (   D:6 !   D:7 [   D:10 *[

Portals:
Abyss: Lair:1

Annotations:
D:2 1 runed translucent door, exclusion: door, Crazy Yiuf
D:4 Grinder
D:6 1 runed translucent door, 1 exclusion
Lair:1 1 transporter, ooops's ghost, journeyman OpCj


Innate Abilities, Weirdness & Mutations

You have very sharp teeth.
Your uncanny sense of smell can sniff out nearby items.
Your experience applies equally to all skills.


Message History

The polar bear attacks as it pursues you!
The polar bear barely misses you. The polar bear claws you. x2
The polar bear completely misses you. The polar bear claws you.
The polar bear misses you.
The frost giant gestures at you while chanting.
The bolt of cold hits the polar bear!!
The polar bear resists.
The bolt of cold hits you! You resist.
The polar bear is engulfed in freezing vapours.
The polar bear completely misses you. The polar bear closely misses you.
The polar bear claws you but does no damage.
The polar bear is engulfed in freezing vapours.
Okay, then.
The frost giant gestures at you while chanting.
The bolt of cold hits you. You resist.
Casting: Borgnjor's Vile Clutch (dangerous; 7% risk of failure)
Confirm with . or Enter, or press ? or * to list all spells.
Aiming: Borgnjor's Vile Clutch (dangerous; 7% risk of failure)
Press: ? - help, Shift-Dir - straight line, f/p - frost giant
Aim: a frost giant, wielding a +2 battleaxe of freezing (moderately wounded, 100% to hit)
Okay, then.
Fire: b) +2 orcbow (flame)
Press: ? - help, Q - select action, (/) - cycle Shift-Dir - straight line, f/p - frost giant
Aim: a frost giant, wielding a +2 battleaxe of freezing (moderately wounded, 88% to hit)
You shoot an arrow. The arrow hits the frost giant!
The arrow burns the frost giant.
The frost giant is heavily wounded.
Casting: Borgnjor's Vile Clutch (dangerous; 7% risk of failure)
Confirm with . or Enter, or press ? or * to list all spells.
Aiming: Borgnjor's Vile Clutch (dangerous; 7% risk of failure)
Press: ? - help, Shift-Dir - straight line, f/p - frost giant
Aim: a frost giant, wielding a +2 battleaxe of freezing (heavily wounded, 100% to hit)
You miscast Borgnjor's Vile Clutch.
You are very lightly contaminated with residual magic.
You feel very uncomfortable.
You feel drained.
The frost giant points at you and mumbles some strange words.
The bolt of cold hits you. You resist.
* * * LOW HITPOINT WARNING * * *
The frost giant attacks as it pursues you!
The frost giant hits you with a +2 battleaxe of freezing!!
You die...

##.#..## #.#..##
# ###..## #
#...## # ##.###
# #.#.###
##....###
####...## ##@#.#
##C.## ##.h##
##..# ##≈≈##
##≈≈≈# #≈≈≈≈#
#≈≈≈##
############≈≈≈#


You could see a frost giant and a polar bear.

Vanquished Creatures
  A two-headed ogre (D:10)
  3 death yaks (IceCv)
  Nergalle (D:10)
  A deep elf pyromancer (D:11)
  A cyclops (D:11)
  An ice statue (IceCv)
  Maggie (D:6)
  5 rime drakes
  4 polar bears (IceCv)
  A hornet (D:10)
  2 wyverns (D:7)
  Eustachio (D:4)
  17 yaks
  A basilisk (Lair:1)
  A steam dragon (D:9)
  Menkaure (D:5)
  2 acid dragons
  Edmund (D:4)
  2 water moccasins
  A sky beast (D:8)
  An orc warrior (D:9)
  4 ice beasts
  2 ogres
  8 wolves
  5 centaurs
  A kobold brigand (D:9)
  A phantom (D:7)
  3 bullfrogs
  A gnoll sergeant (D:6)
  6 scorpions
  20 wights
  6 killer bees (D:8)
  3 howler monkeys
  An electric eel (D:10)
  A jelly (D:6)
  5 orc priests
  2 gnoll boudas
  3 hounds
  Ijyb (D:5)
  Natasha (twice) (D:2)
  6 iguanas
  11 orc wizards
  13 gnolls
  3 adders
  A worm (D:2)
  34 orcs
  6 ball pythons
  11 bats
  7 endoplasms
  5 giant cockroaches (D:1)
  8 goblins
  8 hobgoblins
  7 jackals
  10 kobolds
  4 quokkas
  A frilled lizard (D:1)
  6 rats
265 creatures vanquished.

Notes
Turn   | Place    | Note
-------+----------+-------------------------------------------
     0 | D:1      | BarneyGumball the Gnoll Earth Elementalist began the quest
                  | for the Orb.
     0 | D:1      | Reached XP level 1. HP: 13/13 MP: 6/6
   155 | D:1      | Reached XP level 2. HP: 13/19 MP: 0/7
   678 | D:1      | Reached skill level 5 in Spellcasting
   678 | D:1      | Reached XP level 3. HP: 25/25 MP: 5/9
   685 | D:1      | Learned a level 3 spell: Stone Arrow
   688 | D:1      | Learned a level 2 spell: Passwall
   691 | D:1      | Learned a level 2 spell: Blink
  1246 | D:2      | You fall into a shaft and drop 1 floor!
  1304 | D:3      | Reached skill level 1 in Invocations
  1573 | D:3      | Reached skill level 1 in Fighting
  1573 | D:3      | Reached skill level 1 in Short Blades
  1573 | D:3      | Reached skill level 1 in Long Blades
  1573 | D:3      | Reached skill level 1 in Axes
  1573 | D:3      | Reached skill level 1 in Maces & Flails
  1573 | D:3      | Reached skill level 1 in Polearms
  1573 | D:3      | Reached skill level 1 in Staves
  1573 | D:3      | Reached skill level 1 in Ranged Weapons
  1573 | D:3      | Reached skill level 1 in Throwing
  1573 | D:3      | Reached skill level 1 in Armour
  1573 | D:3      | Reached skill level 1 in Shields
  1573 | D:3      | Reached skill level 1 in Unarmed Combat
  1573 | D:3      | Reached skill level 1 in Evocations
  1575 | D:3      | Found an ancient bone altar of Kikubaaqudgha.
  1679 | D:3      | Found a white marble altar of Elyvilon.
  1855 | D:2      | Reached XP level 4. HP: 32/32 MP: 8/11
  1881 | D:2      | Reached skill level 1 in Shapeshifting
  1978 | D:2      | Noticed Natasha
  1983 | D:2      | Killed Natasha
  1984 | D:2      | Reached skill level 1 in Conjurations
  1984 | D:2      | Reached skill level 1 in Hexes
  1984 | D:2      | Reached skill level 1 in Summonings
  1984 | D:2      | Reached skill level 1 in Necromancy
  1984 | D:2      | Reached skill level 1 in Translocations
  1984 | D:2      | Reached skill level 1 in Fire Magic
  1984 | D:2      | Reached skill level 1 in Ice Magic
  1984 | D:2      | Reached skill level 1 in Air Magic
  1984 | D:2      | Reached skill level 1 in Poison Magic
  2069 | D:2      | Found a runed translucent door.
  2070 | D:2      | Noticed Crazy Yiuf
  2129 | D:2      | Found Mona Cyokh's Weapon Boutique.
  2135 | D:2      | Noticed Natasha
  2143 | D:2      | Killed Natasha
  2144 | D:2      | Reached XP level 5. HP: 23/37 MP: 4/12
  2823 | D:4      | Noticed Edmund
  2942 | D:4      | Noticed Grinder
  3020 | D:5      | Entered Level 5 of the Dungeon
  3020 | D:5      | Noticed a centaur
  3075 | D:4      | Noticed an ogre
  3078 | D:4      | Found a radiant altar of Vehumet.
  3080 | D:4      | Killed an ogre
  3081 | D:4      | Reached XP level 6. HP: 44/44 MP: 5/14
  3081 | D:4      | Noticed Eustachio
  3184 | D:4      | Killed Eustachio
  3185 | D:4      | Reached skill level 5 in Dodging
  3515 | D:4      | Reached XP level 7. HP: 50/50 MP: 8/15
  3558 | D:4      | Killed Edmund
  3732 | D:4      | Found a staircase to the Ecumenical Temple.
  3738 | Temple   | Entered the Ecumenical Temple
  3751 | Temple   | Became a worshipper of Cheibriados the Contemplative
  3932 | D:5      | Reached skill level 5 in Stealth
  4077 | D:5      | Noticed Ijyb
  4160 | D:5      | Killed Ijyb
  4419 | D:4      | Reached * piety under Cheibriados
  4443 | D:5      | Reached XP level 8. HP: 57/57 MP: 11/16
  4529 | D:5      | Found a glowing silver altar of Zin.
  4581 | D:5      | Noticed Menkaure
  4583 | D:5      | Killed Menkaure
  4934 | D:5      | Found an ornate altar of the Wu Jian Council.
  5040 | D:5      | Found a glowing golden altar of the Shining One.
  5075 | D:6      | Noticed Maggie
  5105 | D:6      | Found a sacrificial altar of Ru.
  5144 | D:6      | Found an opulent altar of Gozag.
  5293 | D:6      | Found an iron altar of Okawaru.
  5333 | D:6      | Reached ** piety under Cheibriados
  5470 | D:6      | Reached XP level 9. HP: 65/65 MP: 14/18
  5676 | D:6      | Noticed a brown ugly thing
  5710 | D:6      | Found the +8 frozen axe "Frostbite" {freeze, freezing
                  | cloud, *Noise Fly rC+}
  5918 | D:6      | Killed Maggie
  6309 | D:6      | Found a runed translucent door.
  6352 | D:6      | Found Ucwute's Distillery.
  6360 | D:6      | Bought a potion of curing for 39 gold pieces
  6360 | D:6      | Bought a potion of brilliance for 52 gold pieces
  6360 | D:6      | Bought 2 potions of heal wounds for 130 gold pieces
  6360 | D:6      | Bought a potion of lignification for 39 gold pieces
  6360 | D:6      | Bought a potion of heal wounds for 65 gold pieces
  6360 | D:6      | Bought a potion of degeneration for 13 gold pieces
  6434 | D:6      | Reached skill level 5 in Invocations
  6496 | D:6      | Found a basalt altar of Yredelemnul.
  6508 | D:6      | Found a stormy altar of Qazlal.
  6841 | D:7      | Found a sparkling altar of Nemelex Xobeh.
  7061 | D:7      | Found a broken altar of Ashenzari.
  7142 | D:7      | Reached XP level 10. HP: 73/73 MP: 13/20
  7364 | D:7      | Reached *** piety under Cheibriados
  7446 | D:7      | Found Kaecom's Armour Emporium.
  7533 | D:8      | Reached skill level 5 in Fighting
  7533 | D:8      | Reached skill level 5 in Short Blades
  7533 | D:8      | Reached skill level 5 in Long Blades
  7533 | D:8      | Reached skill level 5 in Axes
  7533 | D:8      | Reached skill level 5 in Maces & Flails
  7533 | D:8      | Reached skill level 5 in Polearms
  7533 | D:8      | Reached skill level 5 in Staves
  7533 | D:8      | Reached skill level 5 in Ranged Weapons
  7533 | D:8      | Reached skill level 5 in Throwing
  7533 | D:8      | Reached skill level 5 in Armour
  7533 | D:8      | Reached skill level 5 in Shields
  7533 | D:8      | Reached skill level 5 in Unarmed Combat
  7533 | D:8      | Reached skill level 5 in Evocations
  8405 | D:8      | Reached **** piety under Cheibriados
  8415 | D:8      | Reached skill level 5 in Transmutations
  8560 | D:8      | Reached skill level 5 in Shapeshifting
  9249 | D:9      | Found a shadowy altar of Dithmenos.
  9466 | D:9      | Reached ***** piety under Cheibriados
  9826 | D:9      | Learned a level 5 spell: Borgnjor's Vile Clutch
  9848 | D:10     | Entered Level 10 of the Dungeon
 10187 | D:10     | Reached XP level 11. HP: 77/81 MP: 12/22
 10249 | D:10     | Found a shimmering altar of Xom.
 10250 | D:10     | Found a shimmering altar of Xom.
 10251 | D:10     | Found a shimmering altar of Xom.
 10253 | D:10     | Found a shimmering altar of Xom.
 10264 | D:10     | Noticed Nergalle
 10269 | D:10     | Killed Nergalle
 10270 | D:10     | Reached skill level 5 in Conjurations
 10270 | D:10     | Reached skill level 5 in Hexes
 10270 | D:10     | Reached skill level 5 in Summonings
 10270 | D:10     | Reached skill level 5 in Necromancy
 10270 | D:10     | Reached skill level 5 in Translocations
 10270 | D:10     | Reached skill level 5 in Fire Magic
 10270 | D:10     | Reached skill level 5 in Ice Magic
 10270 | D:10     | Reached skill level 5 in Air Magic
 10270 | D:10     | Reached skill level 5 in Poison Magic
 10368 | D:10     | Found Joch's Assorted Antiques.
 10374 | D:10     | Found Kitsiucs's Antique Armour Boutique.
 10448 | D:10     | Noticed a two-headed ogre
 10455 | D:10     | Killed a two-headed ogre
 10743 | D:10     | Bought 3 scrolls of teleportation for 261 gold pieces
 10892 | D:10     | Learned a level 4 spell: Iskenderun's Mystic Blast
 11148 | D:11     | Identified the +7 war axe "Ufoukleg" {drain, Str+3 Stlth+}
 11167 | D:11     | Noticed a cyclops
 11175 | D:11     | Killed a cyclops
 11402 | D:11     | Identified the +4 trident of an ossuary {speed, Stlth+}
 11402 | D:11     | Noticed a deep elf pyromancer
 11414 | D:11     | Killed a deep elf pyromancer
 11666 | D:11     | Found a staircase to the Lair.
 11673 | Lair:1   | Entered Level 1 of the Lair of Beasts
 11707 | Lair:1   | Found a transporter.
 11709 | Lair:1   | Noticed a rakshasa
 11710 | Lair:1   | Noticed a great orb of eyes
 11711 | Lair:1   | Found a one-way gate to the infinite horrors of the Abyss.
 11712 | Lair:1   | Noticed ooops's ghost (journeyman OpCj)
 11755 | Lair:1   | Found a frozen archway.
 11764 | IceCv    | Entered an ice cave
 11866 | IceCv    | Noticed a death yak
 11892 | IceCv    | Killed a death yak
 11893 | IceCv    | Reached XP level 12. HP: 26/91 MP: 4/24
 12119 | IceCv    | Noticed a death yak
 12157 | IceCv    | Noticed a death yak
 12162 | IceCv    | Noticed a death yak
 12171 | IceCv    | Killed a death yak
 12176 | IceCv    | Killed a death yak
 12285 | IceCv    | Noticed a frost giant
 12351 | IceCv    | Mangled by a frost giant

Illustrated notes

Levels and vault maps discovered:
D:1:      elethiomel_arrival_maze, layout_rooms
D:2:      layout_basic, serial_shops, shop, serial_park_tiny_2, uniq_natasha,
          uniq_crazy_yiuf_cottage
D:3:      layout_basic, kiku_gazebo_pond_becter,
          mainiacjoe_overflow_surrounded_room, corexii_item_surrounded_by_moat
D:4:      layout_loops_ring, vehumet_altar_wand_db,
          minmay_temple_entry_gardened_gates, uniq_edmund, uniq_grinder,
          uniq_eustachio
D:5:      layout_rooms, zin_treasury, mainiacjoe_overflow_brackets, tso_altar,
          uniq_ijyb, uniq_menkaure
D:6:      minmay_clustersquares, layout_rooms, mainiacjoe_overflow_boulevard,
          mainiacjoe_overflow_cross_hatched, lemuel_tele_altar,
          amethyst_overflow_temple_binary, serial_shops, shop,
          lightli_church_of_beogh, uniq_maggie
D:7:      layout_basic, marbit_many_paths, mainiacjoe_overflow_alcove_4,
          serial_shops, shop, minmay_misc_feat_alley
D:8:      layout_loops_cross, hangedman_abyss_or_decor_lesser_grid
D:9:      layout_long_grid, nicolae_dithmenos_shadow_blocks,
          grunt_decor_one_mirror
D:10:     layout_loops_ring, xom_redecorated, nicolae_wooded_promenade,
          ebering_dispersal_statue_hall, uniq_nergalle
D:11:     layout_gridville, lair_entry_dummy
Temple:   nicolae_temple_ecumenical_triangle
Lair:1:   gammafunk_lair_enchanted_lake, layout_chaotic_city,
          gammafunk_ghost_abyssal_escape, portal_ice_cave_rime
IceCv:    ice_cave_small_giant

Skill      XL: |  1  2  3  4  5  6  7  8  9 10 11 12 |
---------------+-------------------------------------+-----
Transmutations | 2 3 4 5 6 |  6.4
Spellcasting   | 5 6 7 8 |  8.9
Invocations    | 1 2 3 4 5 6 7 8 |  8.0
Fighting       | 1 2 3 4 5 7 |  7.2
Short Blades   | 1 2 3 4 5 7 |  7.2
Long Blades    | 1 2 3 4 5 7 |  7.2
Axes           | 1 2 3 4 5 7 |  7.2
Maces & Flails | 1 2 3 4 5 7 |  7.2
Polearms       | 1 2 3 4 5 7 |  7.2
Staves         | 1 2 3 4 5 7 |  7.2
Ranged Weapons | 1 2 3 4 5 7 |  7.2
Throwing       | 1 2 3 4 5 7 |  7.2
Armour         | 1 2 3 4 5 7 |  7.2
Shields        | 1 2 3 4 5 7 |  7.2
Unarmed Combat | 1 2 3 4 5 7 |  7.2
Evocations     | 1 2 3 4 5 7 |  7.2
Shapeshifting  | 1 2 3 4 5 6 |  6.6
Conjurations   | 1 2 3 4 5 6 |  6.0
Hexes          | 1 2 3 4 5 6 |  6.0
Summonings     | 1 2 3 4 5 6 |  6.0
Necromancy     | 1 2 3 4 5 6 |  6.0
Translocations | 1 2 3 4 5 6 |  6.0
Fire Magic     | 1 2 3 4 5 6 |  6.0
Ice Magic      | 1 2 3 4 5 6 |  6.0
Air Magic      | 1 2 3 4 5 6 |  6.0
Poison Magic   | 1 2 3 4 5 6 |  6.0
Dodging        | 5 6 7 8 |  8.7
Stealth        | 5 6 7 8 |  8.4
Earth Magic    | 6 7 8 |  8.2

Action                     |  1- 3 |  4- 6 |  7- 9 | 10-12 || total
---------------------------+-------+-------+-------+-------++-------
  Melee: Bite              |     1 |     1 |     2 |     1 ||     5
         Unarmed           |     1 |       |    11 |       ||    12
         Morningstar       |       |    12 |     9 |       ||    21
         Short sword       |       |       |     4 |       ||     4
         Punch             |       |       |     2 |     1 ||     3
         War axe           |       |       |       |     4 ||     4
   Fire: Orcbow            |       |       |   101 |   229 ||   330
   Cast: Sandblast         |    55 |    36 |    26 |     8 ||   125
         Stone Arrow       |       |    17 |    86 |    66 ||   169
         Borgnjor's Vile C |       |       |       |    36 ||    36
         Iskenderun's Myst |       |       |       |    13 ||    13
 Invoke: Slouch            |       |       |       |     2 ||     2
    Use: Potion            |       |     2 |     3 |     1 ||     6
         Scroll            |       |     2 |     5 |     3 ||    10
   Stab: Distracted        |       |       |     1 |       ||     1
 Armour: Robe              |     7 |    45 |    56 |       ||   108
         Skin              |       |       |     2 |       ||     2
         Acid dragon scale |       |       |     7 |   107 ||   114
  Dodge: Dodged            |     6 |    34 |    69 |   112 ||   221

Table legend: (Time is in decaauts)
 A = Elapsed time spent in this place.
 B = Non-inter-level travel time spent in this place.
 C = Inter-level travel time spent in this place.
 D = Time resting spent in this place.
 E = Time spent auto-exploring this place.
 F = Levels seen in this place.
 G = Mean time per level.
                   A        B        C        D        E       F      G
               +--------+--------+--------+--------+--------+-----+--------+
         Total |  15541 |  14986 |    555 |   1152 |  11130 |  14 | 1110.1 |
       Dungeon |  14590 |  14062 |    528 |    863 |  11083 |  11 | 1326.4 |
        Temple |     45 |     18 |     27 |     15 |      0 |   1 |   45.0 |
          Lair |    141 |    141 |      0 |      0 |     46 |   1 |  141.0 |
      Ice Cave |    763 |    763 |      0 |    274 |      0 |   1 |  763.0 |
               +--------+--------+--------+--------+--------+-----+--------+

Top non-repeatable levels by time:
     D:6: 1927 daAuts
     D:8: 1854 daAuts
    D:10: 1759 daAuts
     D:9: 1496 daAuts
     D:2: 1199 daAuts
     D:5: 1182 daAuts
    D:11: 1152 daAuts
     D:7: 1108 daAuts
     D:4: 1055 daAuts
     D:3: 954 daAuts
     D:1: 899 daAuts
   IceCv: 763 daAuts
  Lair:1: 141 daAuts
  Temple: 45 daAuts
